 Dungeon Crawl Stone Soup version 0.26.1-11-gd32895ea62 (webtiles) character file.

Game seed: 15518830545495440408

325 dtburroughs the Chopper (level 6, -5/56 HPs)
             Began as a Minotaur Berserker on June 18, 2021.
             Was a Believer of Trog.
             Killed by divine providence
             ... invoked by an orc priest
              (11 damage)
             ... on level 4 of the Dungeon.
             The game lasted 00:04:29 (2985 turns).

dtburroughs the Chopper (Minotaur Berserker)        Turns: 2985, Time: 00:04:29

Health: -5/56      AC:  7    Str: 22    XL:     6   Next: 24%
Magic:  5/5        EV: 11    Int:  6    God:    Trog [**....]
Gold:   218        SH:  0    Dex:  9    Spells: 5/5 levels left

rFire    . . .     SeeInvis .   a - +0 hand axe
rCold    . . .     Faith    .   (no shield)
rNeg     . . .     Spirit   .   c - +0 scale mail
rPois    .         Reflect  .   (helmet restricted)
rElec    .         Harm     .   (no cloak)
rCorr    .         Rampage  .   (no gloves)
Will     ++...                  (no boots)
Stlth    ..........             (no amulet)
HPRegen  1.18/turn              (no ring)
MPRegen  0.09/turn              (no ring)

@: regenerating
A: retaliatory headbutt, horns 2
a: Renounce Religion, Berserk, Trog's Hand


You were on level 4 of the Dungeon.
You worshipped Trog.
Trog was pleased with you.
You visited 1 branch of the dungeon, and saw 4 of its levels.

You collected 218 gold pieces.

Inventory:

Hand Weapons
 a - a +0 hand axe (weapon)
 p - a +0 flail
 q - a +4 whip
Armour
 c - a +0 scale mail (worn)
 n - a scarf of harm
 o - a +1 leather armour of willpower
Jewellery
 j - an uncursed ring of positive energy {unknown}
Scrolls
 b - 2 scrolls of amnesia {unknown}
 f - a scroll of remove curse {unknown}
 g - a scroll of random uselessness {unknown}
 h - 3 scrolls of identify {unknown}
 i - 3 scrolls of noise {unknown}
 k - a scroll of enchant weapon {unknown}
 l - a scroll of magic mapping {unknown}
Potions
 d - 3 potions of curing {unknown}
 e - 2 potions of berserk rage {unknown}
 m - a potion of brilliance {unknown}


   Skills:
 + Level 5.2 Fighting
 + Level 5.2 Axes
 + Level 4.4 Armour
 + Level 4.1 Dodging


You had 5 spell levels left.
You didn't know any spells.
Your spell library was empty.

Dungeon Overview and Level Annotations

Branches:
Dungeon (4/15)
 Temple: D:4-7

Altars:
Cheibriados
Dithmenos
Elyvilon
Makhleb
Qazlal
Zin


Innate Abilities, Weirdness & Mutations

You reflexively headbutt those who attack you in melee.
You have a pair of horns on your head.


Message History

The orc priest is severely wounded.
The orc priest invokes the aid of Beogh against you.
Beogh smites you!
* * * LOW HITPOINT WARNING * * *
You hit the orc priest.
The orc priest is almost dead.
The orc priest hits you with a +0 mace.
* * * LOW HITPOINT WARNING * * *
You closely miss the orc priest. Your headbutt misses the orc priest.
The orc priest is almost dead.
The orc priest hits you with a +0 mace.
* * * LOW HITPOINT WARNING * * *
You hit the orc priest but do no damage.
The orc priest is almost dead.
The orc priest barely misses you.
You hit the orc priest but do no damage.
The orc priest is almost dead.
The orc priest calls down the wrath of Beogh upon you.
Beogh smites you!
You die...

#.####.#..#.###.
#......#..#.#
###......#
#..#.#.#
#....#.#
#####....# #
..........#
##########.##.#
#.....†@o.....#
#.#######)..#.#
..#.# .. ≈.≈≈.#
#.# ≈#'#≈.# .
..'_ ... #. #+
≈... # ≈...#


You could see an orc priest.

Vanquished Creatures
  A phantom (D:4)
  2 orc priests
  A worker ant (D:4)
  5 adders
  2 oozes
  2 worms (D:3)
  4 dart slugs
  13 orcs
  A ball python (D:1)
  A giant cockroach (D:4)
  7 goblins
  3 hobgoblins (D:1)
  5 jackals
  10 kobolds
  3 quokkas
  6 bats
  5 frilled lizards
  10 rats
81 creatures vanquished.

Notes
Turn   | Place    | Note
-------+----------+-------------------------------------------
     0 | D:1      | dtburroughs the Minotaur Berserker began the quest for the
                  | Orb.
     0 | D:1      | Reached XP level 1. HP: 19/19 MP: 0/0
   184 | D:1      | Reached XP level 2. HP: 27/27 MP: 1/1
   446 | D:1      | Reached XP level 3. HP: 32/33 MP: 2/2
   827 | D:2      | Found a faded altar of an unknown god.
  1312 | D:2      | Found a stormy altar of Qazlal.
  1327 | D:2      | Found a glowing silver altar of Zin.
  1363 | D:2      | Reached ** piety under Trog
  1798 | D:2      | Reached XP level 4. HP: 32/41 MP: 3/3
  1894 | D:2      | Found a burning altar of Makhleb.
  2423 | D:3      | Found a white marble altar of Elyvilon.
  2482 | D:3      | Reached XP level 5. HP: 40/47 MP: 4/4
  2713 | D:3      | Found a snail-covered altar of Cheibriados.
  2823 | D:4      | Noticed a phantom
  2858 | D:4      | Killed a phantom
  2859 | D:4      | Reached skill level 5 in Fighting
  2859 | D:4      | Reached skill level 5 in Axes
  2859 | D:4      | Reached XP level 6. HP: 42/56 MP: 5/5
  2965 | D:4      | Found a shadowy altar of Dithmenos.
  2985 | D:4      | Killed from afar by an orc priest

Illustrated notes

Levels and vault maps discovered:
D:1:      dpeg_arrival_tiny_i, layout_loops_ring
D:2:      layout_basic, marbit_many_paths, amethyst_overflow_temple_binary,
          chequers_ecumenical_altar_grove
D:3:      layout_basic, kennysheep_slug_shrine, lemuel_statue_altar
D:4:      minmay_inner_zag, layout_basic, kennysheep_mini_moat,
          kennysheep_little_box

Skill      XL: |  1  2  3  4  5  6 |
---------------+-------------------+-----
Axes           | 4 5 |  5.2
Fighting       | 4 5 |  5.2
Armour         | 3 4 |  4.4
Dodging        | 3 4 |  4.1

Action                   |  1- 3 |  4- 6 || total
-------------------------+-------+-------++-------
Melee: Hand axe          |    75 |   101 ||   176
       Headbutt          |    12 |    17 ||    29
Invok: Trog's Hand       |       |     3 ||     3
Armor: Scale mail        |    29 |    33 ||    62
Dodge: Dodged            |    39 |    88 ||   127
